 Dungeon Crawl Stone Soup version 0.28.0-43-g3370ac3207 (webtiles) character file.

Game seed: 4996686238396423287

95 sizableburger the Slasher (level 4, -1/39 HPs)
             Began as a Naga Gladiator on Mar 23, 2022.
             Slain by Terence
             ... wielding a +0 flail
              (12 damage)
             ... on level 3 of the Dungeon.
             The game lasted 00:07:30 (2307 turns).

sizableburger the Slasher (Naga Gladiator)          Turns: 2307, Time: 00:07:31

Health: -1/39      AC:  3    Str: 18    XL:     4   Next: 65%
Magic:  4/4        EV: 10    Int:  8    God:
Gold:   88         SH:  0    Dex: 13    Spells: 3/3 levels left

rFire   . . .      SeeInvis +   p - +2 short sword (elec)
rCold   . . .      Faith    .   (no shield)
rNeg    . . .      Spirit   .   b - +0 leather armour
rPois   +          Reflect  .   c - +0 helmet
rElec   .          Harm     .   (no cloak)
rCorr   .          Rampage  .   (no gloves)
Will    .....                   (no barding)
Stlth   +.........              (no amulet)
HPRegen 0.13/turn               (no ring)
MPRegen 0.09/turn               (no ring)

@: short of breath, very slow
A: AC +1, large, see invisible, deformed body, poison resistance, slowness 2,
spit poison 1, naga tail 1
a: Spit Poison


You were on level 3 of the Dungeon.
You visited 1 branch of the dungeon, and saw 3 of its levels.

You collected 88 gold pieces.

Inventory:

Hand Weapons
 a - a +0 long sword
 p - a +2 short sword of electrocution (weapon)
Missiles
 d - 3 throwing nets (quivered)
Armour
 b - a +0 leather armour (worn)
 c - a +0 helmet (worn)
Jewellery
 j - an amulet of regeneration
Scrolls
 e - 2 scrolls of identify {unknown}
 g - a scroll of holy word {unknown}
 i - a scroll of brand weapon {unknown}
 k - a scroll of teleportation {unknown}
 m - a scroll of magic mapping {unknown}
Potions
 f - 2 potions of might {unknown}
 h - a potion of heal wounds {unknown}
 l - a potion of haste {unknown}
 n - 2 potions of mutation {unknown}
 o - 2 potions of experience {unknown}


   Skills:
 - Level 2.1 Fighting
 + Level 5.0 Long Blades
 - Level 2.0 Throwing
 - Level 2.5 Dodging


You had 3 spell levels left.
You didn't know any spells.
Your spell library contained the following spells:

 Spells                   Type           Power      Damage    Failure   Level
 Foxfire                  Conj/Fire      0%         2x1d4     45%         1
 Conjure Flame            Conj/Fire      0%         6-21      83%         3
 Inner Flame              Hex/Fire       0%         N/A       83%         3
 Flame Wave               Conj/Fire      0%         2d4       99%         4


Dungeon Overview and Level Annotations

Branches:
Dungeon (3/15)

Altars:
Vehumet

Annotations:
D:3 Terence


Innate Abilities, Weirdness & Mutations

Your serpentine skin is tough. (AC +1)
You have supernaturally acute eyesight. (SInv)
Armour fits poorly on your strangely shaped body.
Your system is resistant to poisons. (rPois)
You cover ground very slowly.
You can spit poison.
You have a snake-like lower body.


Message History

You hear the crackle of electricity.
p - a +2 short sword of electrocution (weapon)
Your movement speed is very slow.
Your attack delay is about 0.9.
Your +2 short sword of electrocution stops crackling.
a - a +0 long sword (weapon)
Your movement speed is very slow.
Your attack delay is about 1.1.
You hear the crackle of electricity.
p - a +2 short sword of electrocution (weapon)
There is a radiant altar of Vehumet here.
You see here an adder skeleton.
Done exploring.
Done exploring.
Done exploring.
There is a stone staircase leading down here.
You climb downwards.
Terence shouts!
Found a stone staircase leading down.
There is a stone staircase leading up here.
Terence is nearby!
Terence hits you with a +0 flail! x2
You hit Terence.
Terence is lightly wounded.
Terence hits you with a +0 flail.
You puncture Terence!
Terence is heavily wounded.
Terence barely misses you.
You hit Terence.
Terence is heavily wounded.
Terence hits you with a +0 flail!
* * * LOW HITPOINT WARNING * * *
You are too injured to fight recklessly!
You are too injured to fight recklessly!
You are too injured to fight recklessly!
Aiming: Spit Poison (1% risk of failure)
Press: ? - help, Shift-Dir - straight line, f - Terence
Aim: Terence, wielding a +0 flail and wearing a +0 ring mail (heavily wounded, 65% to hit)
The splash of poison hits Terence.
Terence is poisoned.
Terence is almost dead.
Terence hits you with a +0 flail!
You die...

... ..# # # ##..#
#. #.#...# #..
.#...# # #...
....#.###
#....####........
#....@@..<....#
#...#######...#
#.. >.... . ....
###


You could see Terence (poisoned).

Vanquished Creatures
  A jelly (D:2)
  2 adders (D:2)
  3 worms (D:2)
  4 ball pythons
  6 bats
  2 endoplasms (D:1)
  A giant cockroach (D:1)
  5 goblins
  2 hobgoblins (D:2)
  6 frilled lizards
  3 kobolds
  8 rats
43 creatures vanquished.

Notes
Turn   | Place    | Note
-------+----------+-------------------------------------------
     0 | D:1      | sizableburger the Naga Gladiator began the quest for the
                  | Orb.
     0 | D:1      | Reached XP level 1. HP: 19/19 MP: 1/1
   192 | D:1      | Reached XP level 2. HP: 3/26 MP: 2/2
   830 | D:1      | Reached XP level 3. HP: 19/32 MP: 3/3
  1127 | D:2      | Reached skill level 4 in Long Blades
  1323 | D:2      | Reached XP level 4. HP: 39/39 MP: 4/4
  1985 | D:2      | Found a radiant altar of Vehumet.
  2028 | D:2      | Reached skill level 5 in Long Blades
  2300 | D:3      | Noticed Terence
  2307 | D:3      | Slain by Terence

Illustrated notes

Levels and vault maps discovered:
D:1:      dpeg_arrival_triangle_fractal, layout_basic, st_stairs_7,
          minmay_split_cup_large
D:2:      layout_loops_ring, basic_altar, nicolae_wormholes
D:3:      layout_basic, shapermc_ecumenical_altar_mp_urbaneastern,
          serial_park_tiny_2, st_stairs_10, uniq_terence

Skill      XL: |  1  2  3  4 |
---------------+-------------+-----
Throwing       | 2 |  2.0
Long Blades    | 4 5 |  5.0
Fighting       | |  2.1
Dodging        | |  2.5

Action                   |  1- 3 |  4- 6 || total
-------------------------+-------+-------++-------
Melee: Long sword        |    58 |    34 ||    92
       Punch             |     1 |       ||     1
       Short sword       |       |     3 ||     3
 Abil: Spit Poison       |     7 |     4 ||    11
 Stab: Sleeping          |     1 |       ||     1
Armor: Leather armour    |    23 |    15 ||    38
Dodge: Dodged            |    27 |    15 ||    42
